 Dungeon Crawl Stone Soup version 0.30-a0-1066-g63dfefce0d (webtiles) character file.

Game seed: 15810613545306971058

716 vineage the Trooper (level 7, 0/47 HPs)
             Began as a Gargoyle Gladiator on Apr 12, 2023.
             Was a Follower of the Shining One.
             Slain by an ice beast (1 damage)
             ... on level 5 of the Dungeon.
             The game lasted 00:03:55 (3045 turns).

vineage the Trooper (Gargoyle Gladiator)            Turns: 3045, Time: 00:03:57

Health: 0/47       AC: 16    Str: 19    XL:     7   Next: 69%
Magic:  7/7        EV:  8    Int:  9    God:    the Shining One [*.....]
Gold:   149        SH:  0    Dex: 11    Spells: 6/6 levels left

rFire   . . .      SeeInvis .    a - +0 flail (heavy)
rCold   . . .      Faith    .    (no shield)
rNeg    + . .      Spirit   .    n - +0 chain mail
rPois   ∞          Reflect  .    c - +1 helmet
rElec   +          Rampage  .    (no cloak)
rCorr   .                        (no gloves)
Will    .....                    (no boots) Stlth
                                 (no amulet)
HPRegen 0.27/turn                (no ring)
MPRegen 0.10/turn                (no ring)

@: glowing
A: sickness immunity, AC +4, negative energy resistance 1, electricity
resistance, torment resistance 1, petrification resistance
a: Renounce Religion, Divine Shield


You were on level 5 of the Dungeon.
You worshipped the Shining One.
The Shining One was aware of your devotion.
You visited 1 branch of the dungeon, and saw 5 of its levels.

You collected 149 gold pieces.

Inventory:

Hand Weapons
 a - a +0 heavy flail (weapon)
Missiles
 d - 4 throwing nets (quivered)
 e - 2 javelins
Armour
 c - a +1 helmet (worn)
 n - a +0 chain mail (worn)
Jewellery
 h - an amulet of guardian spirit
 r - a ring of wizardry
Wands
 p - a wand of mindburst (16)
Scrolls
 i - a scroll of enchant weapon {unknown}
 q - a scroll of teleportation
 s - a scroll of magic mapping
Potions
 b - a potion of lignification
 j - 3 potions of attraction
 k - a potion of heal wounds {unknown}
 m - a potion of might {unknown}


   Skills:
 * Level 6.6 Fighting
 + Level 5.0 Maces & Flails
 - Level 2.1 Throwing
 + Level 4.1 Armour
 - Level 2.4 Dodging


You had 6 spell levels left.
You didn't know any spells.
Your spell library contained the following spells:

 Spells                   Type           Power      Damage    Failure   Level
 Foxfire                  Conj/Fire      0%         2x1d4     97%         1
 Ensorcelled Hibernation  Hex/Ice        0%         N/A       99%         2
 Passwall                 Tmut/Erth      0%         N/A       99%         2
 Swiftness                Air            0%         N/A       100%        3
 Fireball                 Conj/Fire      0%         3d3       100%        5
 Plasma Beam              Fire/Air       0%         2x1d11    100%        6
 Starburst                Conj/Fire      0%         6d3       100%        6


Dungeon Overview and Level Annotations

Branches:
Dungeon (5/15)
 Temple: D:4-7

Altars:
Kikubaaqudgha
Makhleb
Nemelex Xobeh
Zin
The Shining One

Shops:
D:1 :   D:4 (


Innate Abilities, Weirdness & Mutations

You are immune to sickness and miasma.
Your stone body is resilient. (AC +4)
You are immune to poison.
You resist negative energy. (rN+)
You are resistant to electric shocks. (rElec)
You are resistant to unholy torment.
You are immune to petrification.


Message History

The phantom is heavily damaged.
The phantom barely misses you. The yak gores you! The yak gores you.
The phantom hits you but does no damage.
The yak gores you.
You hit the phantom.
The phantom is heavily damaged.
The yak barely misses you.
The phantom hits you but does no damage.
The yak gores you but does no damage.
You barely miss the phantom.
The phantom is heavily damaged.
The sleepcap releases spores at you but does no damage.
The phantom hits you but does no damage.
The yak gores you but does no damage. x3; The phantom barely misses you.
The yak barely misses you.
The sleepcap releases spores at you but does no damage.
The yak gores you but does no damage. The yak gores you!
The sleepcap attacks as you move away!
The sleepcap releases spores at you but does no damage.
The yak barely misses you. The phantom completely misses you.
The yak attacks as you move away! The yak closely misses you.
The sleepcap attacks as you move away! The sleepcap closely misses you.
The yak attacks as you move away! The yak gores you!
* * * LOW HITPOINT WARNING * * *
The phantom hits you but does no damage.
The ice beast hits you.
* * * LOW HITPOINT WARNING * * *
The ice beast freezes you!
* * * LOW HITPOINT WARNING * * *
It was a potion of haste.
You feel yourself speed up.
The sleepcap releases spores at you but does no damage.
The ice beast completely misses you.
The phantom hits you but does no damage.
It was a potion of cancellation.
Your magical effects are unravelling.
You feel magically purged.
You feel yourself slow down.
The sleepcap releases spores at you but does no damage.
The phantom barely misses you. The ice beast hits you.
You die...

.....##.....!..#
#..............## #
............Y...##.#
.........## .....
...........###...
.....#.........##
.....#......YY..#
... ......YYWf#...#
.. ########@## ..# #
#.###### #.#..# _#
#....# #.# .##
#...## #.# ...#.
#....# #.# .....
#...## #.##....#
#.#...# #....##.#
#.....####....#..#


You could see 3 yaks, an ice beast, a phantom and a sleepcap.

Vanquished Creatures
  Grinder (D:3)
  A scorpion (D:4)
  A hound (D:5)
  4 orc priests (D:4)
  An iguana (D:4)
  4 orc wizards (D:4)
  7 adders
  2 worms
  A dart slug (D:2)
  16 orcs
  8 bats
  7 endoplasms
  2 giant cockroaches
  3 goblins
  7 hobgoblins
  4 jackals (D:4)
  3 quokkas
  3 training dummies (D:4)
  8 ball pythons
  5 frilled lizards
  12 kobolds
  6 rats
106 creatures vanquished.

Notes
Turn   | Place    | Note
-------+----------+-------------------------------------------
     0 | D:1      | vineage the Gargoyle Gladiator began the quest for the Orb.
     0 | D:1      | Reached XP level 1. HP: 12/12 MP: 1/1
   111 | D:1      | Found a faded altar of an unknown god.
   142 | D:1      | Reached XP level 2. HP: 12/18 MP: 2/2
   234 | D:1      | Found Barik's Vocational Training.
   536 | D:1      | Reached skill level 1 in Armour
   597 | D:1      | Reached XP level 3. HP: 19/22 MP: 3/3
  1015 | D:2      | Reached skill level 3 in Fighting
  1185 | D:2      | Found a glowing golden altar of the Shining One.
  1202 | D:2      | Became a worshipper of the Shining One
  1227 | D:2      | Reached XP level 4. HP: 28/28 MP: 4/4
  1668 | D:3      | Found an ancient bone altar of Kikubaaqudgha.
  1790 | D:3      | Noticed Grinder
  1790 | D:3      | Paralysed by Grinder for 3 turns
  1802 | D:3      | Paralysed by Grinder for 4 turns
  1807 | D:3      | Paralysed by Grinder for 2 turns
  1820 | D:3      | Paralysed by Grinder for 4 turns
  1842 | D:3      | Paralysed by Grinder for 4 turns
  1847 | D:3      | Paralysed by Grinder for 5 turns
  1855 | D:3      | Killed Grinder
  1856 | D:3      | Reached skill level 5 in Fighting
  1856 | D:3      | Reached XP level 5. HP: 23/35 MP: 5/5
  1856 | D:3      | Reached XP level 6. HP: 27/40 MP: 6/6
  2177 | D:4      | Found Hearie's Firing Range.
  2312 | D:4      | Reached XP level 7. HP: 45/45 MP: 7/7
  2329 | D:4      | Found a sparkling altar of Nemelex Xobeh.
  2452 | D:4      | Found a glowing silver altar of Zin.
  2484 | D:4      | Reached skill level 6 in Fighting
  2686 | D:4      | Reached * piety under the Shining One
  3001 | D:5      | Entered Level 5 of the Dungeon
  3015 | D:5      | Found a burning altar of Makhleb.
  3022 | D:5      | Reached skill level 5 in Maces & Flails
  3033 | D:5      | Noticed a yak
  3033 | D:5      | Noticed a yak
  3033 | D:5      | Noticed a yak
  3043 | D:5      | HP: 1/47 [ice beast (10)]
  3045 | D:5      | Slain by an ice beast

Illustrated notes

Levels and vault maps discovered:
D:1:      lemuel_arrival_cross, layout_basic, nicolae_ecumenical_snake_handling,
          nicolae_shop_vocational
D:2:      layout_rooms, basic_altar
D:3:      layout_loops_cross, mainiacjoe_overflow_chevrons, uniq_grinder
D:4:      layout_gridville, nemelex_spade_bored_becter,
          mainiacjoe_overflow_24_doors, minmay_misc_feat_chi,
          nicolae_shop_firing_range
D:5:      layout_cave_pools, makhleb_altar_promises_db, serial_shops,
          nicolae_square_shop, hex_large, kennysheep_diamond, minivault_27,
          minmay_misc_feat_more_columns, uniq_eustachio, uniq_ijyb

Skill      XL: |  1  2  3  4  5  6  7 |
---------------+----------------------+-----
Throwing       | 2 |  2.1
Armour         | 1 3 4 |  4.1
Fighting       | 3 5 6 |  6.6
Maces & Flails | 4 5 |  5.0
Dodging        | |  2.4

Action                     |  1- 3 |  4- 6 |  7- 9 || total
---------------------------+-------+-------+-------++-------
  Melee: Flail             |   113 |   101 |    65 ||   279
         Punch             |     3 |       |       ||     3
    Use: Scroll            |     4 |     3 |     4 ||    11
         Potion            |       |     1 |     2 ||     3
 Armour: Leather armour    |    33 |       |       ||    33
         Chain mail        |    54 |    79 |    82 ||   215
         Skin              |       |    11 |       ||    11
  Dodge: Dodged            |   122 |    45 |    40 ||   207

Table legend: (Time is in decaauts)
 A = Elapsed time spent in this place.
 B = Non-inter-level travel time spent in this place.
 C = Inter-level travel time spent in this place.
 D = Time resting spent in this place.
 E = Time spent auto-exploring this place.
 F = Levels seen in this place.
 G = Mean time per level.
                   A        B        C        D        E       F      G
               +--------+--------+--------+--------+--------+-----+--------+
         Total |   3226 |   3100 |    126 |      0 |   2282 |   5 |  645.2 |
       Dungeon |   3226 |   3100 |    126 |      0 |   2282 |   5 |  645.2 |
               +--------+--------+--------+--------+--------+-----+--------+

Top non-repeatable levels by time:
     D:1: 976 daAuts
     D:4: 943 daAuts
     D:3: 813 daAuts
     D:2: 438 daAuts
     D:5: 53 daAuts
